[Event "Titled Tuesday Blitz August 15 Late 2023"]
[White "maksimys18"]
[Black "Xiong, Jeffery"]
[BlackFideId "2047640"]
[WhiteElo "2567"]
[BlackElo "2974"]
[Result "0-1"]
[Round "2"]
[TimeControl "180+1"]
[Date "2023.08.15"]
[WhiteClock "0:00:11"]
[BlackClock "0:01:35"]
[Board "19"]

1. d4 d5 2. Nf3 Nf6 3. c4 e6 4. Nc3 dxc4 5. Bg5 a6 6. a4 Nc6 7. e4 Na5 8. e5 h6 9. Bh4 g5 10. Bg3 Nd5 11. Be2 Bb4 12. Rc1 Bd7 13. O-O Bxc3 14. bxc3 b5 15. Nd2 Bc6 16. Bh5 Qe7 17. f4 Ne3 18. Qe2 Nxf1 19. Rxf1 O-O-O 20. fxg5 hxg5 21. Rxf7 Qa3 22. Bg4 Qxc3 23. Bxe6+ Kb7 24. d5 Bxd5 25. Bxd5+ Rxd5 26. Ne4 Qd4+ 27. Kf1 Nb3 28. e6 Qxe4 29. Rxc7+ Ka8 30. Qxe4 Nd2+ 31. Ke2 Nxe4 32. e7 Nxg3+ 33. hxg3 Re5+ 34. Kf3 Re8 35. a5 R8xe7 36. Rc6 Ka7 37. Kg4 b4 38. Rxc4 Re4+ 39. Rxe4 Rxe4+ 40. Kh3 Rc4 41. g4 b3 42. g3 b2 43. Kh2 b1=Q 44. Kh3 Qh1# 0-1


[Site "https://www.chess.com"]

[Event "Titled Tuesday Blitz August 15 Late 2023"]
[White "Budrewicz, Krzysztof"]
[Black "Paravyan, David"]
[WhiteFideId "1127950"]
[BlackFideId "4194985"]
[WhiteElo "2567"]
[BlackElo "2971"]
[Result "0-1"]
[Round "2"]
[TimeControl "180+1"]
[Date "2023.08.15"]
[WhiteClock "0:01:05"]
[BlackClock "0:02:01"]
[Board "20"]

1. d4 Nf6 2. c4 g6 3. Nc3 d5 4. Nf3 Bg7 5. h4 O-O 6. Bg5 c5 7. Bxf6 Bxf6 8. Nxd5 Bg7 9. h5 e6 10. Nf4 cxd4 11. g3 Nc6 12. Bg2 Qa5+ 13. Kf1 Rd8 14. hxg6 hxg6 15. a3 Qc7 16. Rc1 b6 17. Qc2 Bb7 18. Ng5 d3 19. exd3 Nd4 20. Qd1 Bxg2+ 21. Kxg2 Qc6+ 22. f3 Nf5 23. Qe2 Rd4 24. Rcd1 b5 25. b3 bxc4 26. dxc4 Rad8 27. Ne4 Rxd1 28. Rxd1 Rxd1 29. Qxd1 Ne3+ 0-1


[Site "https://www.chess.com"]

[Event "Titled Tuesday Blitz August 15 Late 2023"]
[White "Grigoriants, Sergey"]
[Black "Gasparyan, David"]
[WhiteFideId "4130804"]
[BlackFideId "13311980"]
[WhiteElo "2970"]
[BlackElo "2566"]
[Result "1-0"]
[Round "2"]
[TimeControl "180+1"]
[Date "2023.08.15"]
[WhiteClock "0:00:12"]
[BlackClock "0:00:46"]
[Board "21"]

1. d4 Nf6 2. c4 e6 3. g3 d5 4. Bg2 Be7 5. Nf3 O-O 6. Qc2 Nc6 7. O-O Nb4 8. Qb3 dxc4 9. Qxc4 Bd7 10. a3 Nbd5 11. Ne5 Rc8 12. b4 a5 13. Bd2 Qe8 14. Nxd7 Qxd7 15. bxa5 c5 16. e4 cxd4 17. Qxd4 Nf4 18. Qxd7 Ne2+ 19. Kh1 Nxd7 20. Bb4 Bf6 21. Ra2 Nc1 22. Rd2 Ne5 23. Bxf8 Kxf8 24. f4 Ng4 25. e5 Be7 26. Bxb7 Ne3 27. Bxc8 Nxf1 28. Rd1 Nd2 29. Rxd2 Nb3 30. Rd1 Nxa5 31. a4 Bc5 32. Nd2 Ke7 33. Ne4 Bb4 34. Rd7+ Kf8 35. Nd6 f6 36. Rf7+ Kg8 37. Bxe6 g5 38. Rxf6+ Kg7 39. Nf5+ Kh8 40. fxg5 Nc6 41. g6 hxg6 42. Rxg6 Bd2 43. Rg4 Kh7 44. Bf7 1-0


[Site "https://www.chess.com"]

[Event "Titled Tuesday Blitz August 15 Late 2023"]
[White "Vovk, Orest"]
[Black "Hakobyan, Aram"]
[WhiteFideId "14113490"]
[BlackFideId "13306677"]
[WhiteElo "2566"]
[BlackElo "2967"]
[Result "0-1"]
[Round "2"]
[TimeControl "180+1"]
[Date "2023.08.15"]
[WhiteClock "0:00:00"]
[BlackClock "0:00:22"]
[Board "22"]

1. g4 d5 2. h3 e5 3. Bg2 h5 4. d4 e4 5. c4 c6 6. Nc3 hxg4 7. cxd5 gxh3 8. Qb3 Nf6 9. Bg5 h2 10. Nh3 Qb6 11. Bxf6 gxf6 12. Rxh2 Bd6 13. Rh1 f5 14. O-O-O Qxb3 15. axb3 Na6 16. dxc6 bxc6 17. d5 c5 18. e3 Bd7 19. f3 Rg8 20. Rd2 exf3 21. Bxf3 Nb4 22. Nf4 Ke7 23. Nd3 Rg3 24. Rf1 Rag8 25. Nxb4 cxb4 26. Ne2 Rh3 27. Nd4 f4 28. e4 Rc8+ 29. Kb1 Be5 30. Nf5+ Kf6 31. Nd4 a5 32. Ne2 Rc5 33. Nd4 Rg3 34. Nc6 Bh3 0-1


[Site "https://www.chess.com"]

[Event "Titled Tuesday Blitz August 15 Late 2023"]
[White "Svane, Rasmus"]
[Black "Schekachikhin, Maksim"]
[WhiteFideId "4657101"]
[BlackFideId "24177830"]
[WhiteElo "2959"]
[BlackElo "2565"]
[Result "1-0"]
[Round "2"]
[TimeControl "180+1"]
[Date "2023.08.15"]
[WhiteClock "0:00:23"]
[BlackClock "0:00:09"]
[Board "23"]

1. Nf3 c5 2. c4 b6 3. g3 Bb7 4. Bg2 Nf6 5. O-O e6 6. Nc3 Be7 7. d4 cxd4 8. Qxd4 d6 9. Bg5 a6 10. Bxf6 Bxf6 11. Qf4 Bxf3 12. Bxf3 Ra7 13. Rfd1 Rd7 14. Rd2 O-O 15. Rad1 Be5 16. Qe3 Bxc3 17. Qxc3 Qc7 18. Qb4 Rfd8 19. b3 g6 20. h4 h5 21. Rd3 Qc5 22. Qd2 Nc6 23. Bxc6 Qxc6 24. Qf4 Qc5 25. a4 Kg7 26. e4 b5 27. cxb5 axb5 28. axb5 Qxb5 29. Qe3 Qb4 30. Kg2 Rc8 31. Rd4 Qb6 32. e5 d5 33. Qf3 Qd8 34. Rh1 Rdc7 35. g4 Rc3 36. Qf4 hxg4 37. h5 Rh3 38. h6+ Kg8 39. Rxh3 gxh3+ 40. Kxh3 Rc3+ 41. Kg2 Rxb3 42. Ra4 Rb7 43. h7+ Kxh7 44. Ra3 Kg8 45. Rh3 Qf8 46. Qf6 Qg7 47. Qd8+ 1-0


[Site "https://www.chess.com"]

[Event "Titled Tuesday Blitz August 15 Late 2023"]
[White "Elsa167"]
[Black "Sreyas Payyappat"]
[BlackFideId "46674969"]
[WhiteElo "2947"]
[BlackElo "2561"]
[Result "1-0"]
[Round "2"]
[TimeControl "180+1"]
[Date "2023.08.15"]
[WhiteClock "0:00:06"]
[BlackClock "0:00:19"]
[Board "24"]

1. d4 Nf6 2. c4 c5 3. d5 e6 4. Nc3 exd5 5. cxd5 d6 6. e4 g6 7. f4 Bg7 8. Bb5+ Nfd7 9. Nf3 O-O 10. O-O a6 11. Bd3 b5 12. Qe1 c4 13. Bc2 Nc5 14. f5 Nbd7 15. Qg3 Nf6 16. Bg5 Qb6 17. Kh1 b4 18. Qh4 bxc3 19. Bxf6 Bxf6 20. Qxf6 Qxb2 21. Nd4 Qb6 22. fxg6 hxg6 23. e5 Nd7 24. Qe7 Qxd4 25. e6 Ne5 26. Rae1 Ra7 27. Qxd6 Nd3 28. exf7+ Raxf7 29. Rxf7 Rxf7 30. Qxg6+ Kf8 31. Qh6+ Qg7 32. Qc6 Nf2+ 33. Kg1 Qd4 34. Qh6+ Rg7 35. Qh8+ Kf7 36. Qe8+ Kf6 37. Qf8+ Rf7 38. Qh8+ Kg5 39. Qxd4 Ng4 40. h3 Nf6 41. Rf1 Bd7 42. d6 Be6 43. Qe5+ Kh6 44. Rxf6+ Kg7 45. Rxf7+ Kxf7 46. h4 Bd7 47. h5 Kf8 48. h6 Kg8 49. Qg7# 1-0


[Site "https://www.chess.com"]

[Event "Titled Tuesday Blitz August 15 Late 2023"]
[White "Paszewski, Mateusz"]
[Black "Keymer, Vincent"]
[WhiteFideId "1141058"]
[BlackFideId "12940690"]
[WhiteElo "2561"]
[BlackElo "2937"]
[Result "0-1"]
[Round "2"]
[TimeControl "180+1"]
[Date "2023.08.15"]
[WhiteClock "0:00:04"]
[BlackClock "0:00:46"]
[Board "25"]

1. Nf3 d5 2. g3 Bg4 3. Bg2 c6 4. Ne5 Bh5 5. c4 e6 6. O-O Nd7 7. Nxd7 Qxd7 8. cxd5 exd5 9. d3 Nf6 10. Nc3 Bc5 11. Qc2 Bb6 12. Bg5 Qf5 13. Bd2 O-O 14. e4 dxe4 15. dxe4 Qe6 16. h3 Rad8 17. Na4 Bd4 18. Bc3 Rfe8 19. Bxd4 Rxd4 20. Nc3 Red8 21. g4 Bg6 22. Rad1 h5 23. g5 Nxe4 24. Nxe4 Rxd1 25. Rxd1 Rxd1+ 26. Qxd1 Bxe4 27. Bxe4 Qxe4 28. Qd8+ Kh7 29. Qd7 Qd5 30. Qe7 a5 31. a3 b5 32. h4 a4 33. Qe2 g6 34. Kh2 Qd4 35. Kg3 Kg7 36. Qc2 Qg4+ 37. Kh2 Qxh4+ 38. Kg1 Qxg5+ 39. Kf1 Qd5 40. Qc3+ Kh7 41. Qf6 Qe6 42. Qd8 Qc4+ 43. Kg2 Qd5+ 44. Kg1 Qxd8 0-1


[Site "https://www.chess.com"]

[Event "Titled Tuesday Blitz August 15 Late 2023"]
[White "Zhigalko, Sergei"]
[Black "Keleberda, Tymur"]
[WhiteFideId "13502956"]
[BlackFideId "14174294"]
[WhiteElo "2932"]
[BlackElo "2558"]
[Result "1-0"]
[Round "2"]
[TimeControl "180+1"]
[Date "2023.08.15"]
[WhiteClock "0:00:11"]
[BlackClock "0:00:09"]
[Board "26"]

1. e4 c5 2. Nf3 d6 3. d4 cxd4 4. Qxd4 a6 5. Bc4 Nc6 6. Qd3 Nf6 7. Nc3 e6 8. Bf4 b5 9. Bb3 Qc7 10. O-O-O Ne5 11. Nxe5 dxe5 12. Bxe5 Qb6 13. Qg3 Bb7 14. Rhe1 Be7 15. Bc7 Qc5 16. f3 Rc8 17. Bd6 Bxd6 18. Qxd6 Qxd6 19. Rxd6 Ke7 20. Rd2 Rhd8 21. Rxd8 Rxd8 22. Rd1 Rc8 23. Ne2 Nd7 24. c3 Ne5 25. Kd2 h5 26. Ke3 g5 27. Nc1 h4 28. Nd3 Nd7 29. a4 Nb6 30. axb5 axb5 31. Ra1 Ra8 32. Rxa8 Bxa8 33. Kd4 Kd6 34. Ne5 f6 35. Ng4 e5+ 36. Kd3 Nd7 37. Ne3 Bc6 38. Ba2 Nc5+ 39. Kc2 Bd7 40. b4 Na4 41. Bb3 Nb6 42. Kd3 Be6 43. c4 bxc4+ 44. Bxc4 Bd7 45. Bb3 Bb5+ 46. Kc3 Be2 47. Bc4 Nxc4 48. Nxc4+ Kc6 49. Ne3 Kb5 50. Kd2 Bc4 51. Ng4 Bf1 52. Ne3 Bc4 53. Ng4 Bf1 54. Nxf6 Bxg2 55. Ke3 Kxb4 56. Nd7 Kc3 57. Nxe5 Kc2 58. Nf7 Kd1 59. Kf2 Bh3 60. Nxg5 Bd7 61. e5 Kd2 62. e6 Be8 63. f4 Kd3 64. f5 Kd4 65. f6 Ke5 66. f7 Bxf7 67. exf7 Kf6 68. f8=Q+ Kxg5 69. Qf3 h3 70. Qg3+ Kf6 71. Qxh3 Ke5 72. Qg3+ Kf5 73. h4 Kf6 74. Qg4 Ke5 75. Kg3 1-0


[Site "https://www.chess.com"]

[Event "Titled Tuesday Blitz August 15 Late 2023"]
[White "Chor, Kevin"]
[Black "Kamsky, Gata"]
[WhiteFideId "2090740"]
[BlackFideId "2000024"]
[WhiteElo "2558"]
[BlackElo "2931"]
[Result "1-0"]
[Round "2"]
[TimeControl "180+1"]
[Date "2023.08.15"]
[WhiteClock "0:00:29"]
[BlackClock "0:00:00"]
[Board "27"]

1. e4 c5 2. Nf3 e6 3. d4 cxd4 4. Nxd4 a6 5. Nc3 b5 6. Bd3 Qb6 7. Be3 Bc5 8. Be2 Nc6 9. Nxc6 Bxe3 10. fxe3 Qxc6 11. Qd4 f6 12. e5 Qc7 13. Bh5+ Kd8 14. Bf3 Rb8 15. Qg4 g6 16. exf6 Qe5 17. f7 Nf6 18. Qh4 Ke7 19. O-O h6 20. Rae1 g5 21. Qb4+ d6 22. Ne4 Nxe4 23. Bxe4 Rf8 24. Bg6 Bb7 25. Rd1 Rbc8 26. Qd2 1-0


[Site "https://www.chess.com"]

[Event "Titled Tuesday Blitz August 15 Late 2023"]
[White "Dardha, Daniel"]
[Black "Deng, Henry"]
[WhiteFideId "240990"]
[BlackFideId "30965454"]
[WhiteElo "2925"]
[BlackElo "2557"]
[Result "1-0"]
[Round "2"]
[TimeControl "180+1"]
[Date "2023.08.15"]
[WhiteClock "0:00:14"]
[BlackClock "0:00:01"]
[Board "28"]

1. e4 c5 2. Nf3 e6 3. d4 cxd4 4. Nxd4 Nf6 5. Nc3 Nc6 6. Nxc6 bxc6 7. e5 Nd5 8. Ne4 Bb7 9. c4 Nb4 10. c5 Qb8 11. f4 Ba6 12. a3 Bxf1 13. Rxf1 Nd5 14. Rf3 Be7 15. Rb3 Qc8 16. Qd4 Qa6 17. Bd2 O-O 18. O-O-O Rab8 19. Rg3 Kh8 20. Rh3 Rb7 21. Kb1 Rfb8 22. Bc1 Rb3 23. Rxb3 Rxb3 24. Kc2 Rb8 25. Rd3 Qb5 26. b3 Kg8 27. Bb2 a5 28. Nd6 Bxd6 29. exd6 f6 30. g4 a4 31. b4 Re8 32. Qe4 Qb8 33. g5 e5 34. gxf6 Nxf6 35. Qc4+ Nd5 36. Bxe5 Qd8 37. Rxd5 cxd5 38. Qxd5+ Kh8 39. Qg2 Rg8 40. Qg5 Qe8 41. Qe7 Qg6+ 42. Kc3 Qg4 43. b5 Qd1 44. Kb4 Qb3+ 45. Ka5 Qxa3 46. Kb6 Qb4 47. f5 Rb8+ 48. Kc7 Rg8 49. c6 Qa5+ 50. Kxd7 Qa7+ 51. Ke6 Qxe7+ 52. Kxe7 a3 53. d7 a2 54. c7 a1=Q 55. Bxa1 1-0


[Site "https://www.chess.com"]

[Event "Titled Tuesday Blitz August 15 Late 2023"]
[White "Khater, Sherif"]
[Black "Kazakouski, Valery"]
[WhiteFideId "2034280"]
[BlackFideId "13507443"]
[WhiteElo "2557"]
[BlackElo "2924"]
[Result "1/2-1/2"]
[Round "2"]
[TimeControl "180+1"]
[Date "2023.08.15"]
[WhiteClock "0:00:31"]
[BlackClock "0:00:04"]
[Board "29"]

1. Nf3 d5 2. e3 Nf6 3. b3 g6 4. Bb2 Bg7 5. d4 O-O 6. Be2 a5 7. a4 c6 8. O-O Bf5 9. Ne5 Nbd7 10. Nxd7 Qxd7 11. Nd2 Ne4 12. Nxe4 Bxe4 13. Bd3 Bf5 14. Qd2 Rfe8 15. Rad1 h5 16. Bxf5 Qxf5 17. Qd3 b5 18. Qxf5 gxf5 19. axb5 cxb5 20. Ra1 e6 21. Ra2 Ra6 22. Rfa1 Rea8 23. Bc3 a4 24. bxa4 bxa4 25. Bb4 Bf8 26. Bxf8 Kxf8 27. Kf1 Ke7 28. Ke2 Kd6 29. Kd3 h4 30. g3 hxg3 31. fxg3 f6 32. c4 dxc4+ 33. Kxc4 e5 34. Kd3 Kd5 35. Ra3 Kc6 36. h4 Kb5 37. Rb1+ Ka5 38. Raa1 Rg8 39. Rf1 Rxg3 40. Rxf5 Rb6 41. dxe5 Rb3+ 42. Kd4 fxe5+ 43. Rxe5+ Kb4 44. h5 Rg4+ 45. e4 Rgg3 46. Rd5 Rh3 47. Rf5 a3 48. Ke5 Rh2 49. Kf6 a2 50. e5 Rb1 51. Rf1 Rxa1 52. Rxa1 Kb3 53. e6 Rxh5 54. Re1 Rh8 55. Kf7 Rb8 56. e7 Ra8 57. Re3+ Kb2 58. Re2+ Kb1 59. Re1+ Kb2 60. e8=Q Rxe8 61. Kxe8 a1=Q 62. Rxa1 Kxa1 1/2-1/2


[Site "https://www.chess.com"]

[Event "Titled Tuesday Blitz August 15 Late 2023"]
[White "Eljanov, Pavel"]
[Black "Bilan, Danila"]
[WhiteFideId "14102951"]
[BlackFideId "24161918"]
[WhiteElo "2904"]
[BlackElo "2554"]
[Result "1-0"]
[Round "2"]
[TimeControl "180+1"]
[Date "2023.08.15"]
[WhiteClock "0:00:40"]
[BlackClock "0:00:01"]
[Board "30"]

1. d4 d5 2. c4 c6 3. Nf3 Nf6 4. g3 Bf5 5. Nc3 e6 6. Nh4 Be4 7. f3 Bg6 8. Qb3 Qc8 9. e4 dxe4 10. Nxg6 hxg6 11. fxe4 e5 12. dxe5 Ng4 13. e6 fxe6 14. Be2 Ne5 15. c5 Bxc5 16. Bf4 Nf7 17. Bg4 Nd8 18. O-O-O O-O 19. h4 Na6 20. h5 g5 21. h6 gxf4 22. Rxd8 Qxd8 23. Qxe6+ Rf7 24. Bh5 Qf6 25. Bxf7+ Qxf7 26. h7+ Kh8 27. Qxf7 fxg3 28. Qg6 Bf2 29. Ne2 Rf8 30. Nxg3 Nc5 31. Nf5 Ne6 1-0


[Site "https://www.chess.com"]

[Event "Titled Tuesday Blitz August 15 Late 2023"]
[White "Grigorjev, Iljya"]
[Black "Loay, Sameer"]
[WhiteFideId "24159565"]
[BlackFideId "8104239"]
[WhiteElo "2895"]
[BlackElo "2553"]
[Result "0-1"]
[Round "2"]
[TimeControl "180+1"]
[Date "2023.08.15"]
[WhiteClock "0:00:05"]
[BlackClock "0:01:04"]
[Board "31"]

1. d4 Nf6 2. c4 g6 3. Nc3 Bg7 4. e4 O-O 5. h3 d6 6. Be3 c5 7. d5 e6 8. Nf3 exd5 9. cxd5 Re8 10. Nd2 Na6 11. Be2 Nc7 12. a4 b6 13. O-O a6 14. Bf4 Rb8 15. Nc4 Nxe4 16. Nxe4 Rxe4 17. Bxd6 Rd4 18. Qb3 b5 19. axb5 axb5 20. Bxc7 Qxc7 21. d6 Qd8 22. Na5 Qxd6 23. Qf3 Be6 24. Rfc1 Bd5 25. Qa3 b4 26. Qg3 Qxg3 27. fxg3 Rd2 28. Rd1 Bd4+ 29. Kf1 Rxb2 30. Nc4 Rxe2 0-1


[Site "https://www.chess.com"]

[Event "Titled Tuesday Blitz August 15 Late 2023"]
[White "Postlmayer, Jakob"]
[Black "Rasulov, Vugar"]
[WhiteFideId "1643622"]
[BlackFideId "13402390"]
[WhiteElo "2553"]
[BlackElo "2888"]
[Result "0-1"]
[Round "2"]
[TimeControl "180+1"]
[Date "2023.08.15"]
[WhiteClock "0:00:26"]
[BlackClock "0:00:30"]
[Board "32"]

1. e4 c5 2. Nf3 d6 3. d4 cxd4 4. Nxd4 Nf6 5. f3 e5 6. Nb3 Be6 7. c4 Be7 8. Nc3 O-O 9. Be3 a5 10. Be2 a4 11. Nd2 Qa5 12. Rb1 Bd8 13. O-O Nbd7 14. Qc2 Bb6 15. Bxb6 Qxb6+ 16. Kh1 Nc5 17. Rfd1 Rfc8 18. Nf1 h6 19. Qd2 Rc6 20. Ne3 Qa5 21. b4 axb3 22. axb3 Qd8 23. Nb5 Ne8 24. b4 Nd7 25. Nd5 Rca6 26. Rb2 Ra1 27. Nbc3 Rxd1+ 28. Qxd1 Nef6 29. Ne3 Qb6 30. Qd2 Ra1+ 31. Rb1 Ra3 32. g3 Qd4 0-1


[Site "https://www.chess.com"]

[Event "Titled Tuesday Blitz August 15 Late 2023"]
[White "Galchenko, Matvey"]
[Black "Karamsetty, Jeevan"]
[WhiteFideId "24175480"]
[BlackFideId "2025337"]
[WhiteElo "2874"]
[BlackElo "2547"]
[Result "1-0"]
[Round "2"]
[TimeControl "180+1"]
[Date "2023.08.15"]
[WhiteClock "0:01:55"]
[BlackClock "0:00:00"]
[Board "33"]

1. e4 d6 2. d4 Nf6 3. Nc3 e5 4. Nf3 Nbd7 5. Bc4 Be7 6. O-O O-O 7. Re1 a6 8. a4 b6 9. h3 Bb7 10. Bf1 c6 11. Nh4 exd4 12. Qxd4 c5 13. Qd1 Nxe4 14. Nf5 d5 15. Nxe7+ Qxe7 16. f3 Nxc3 17. Rxe7 Nxd1 18. Rxd7 Bc6 19. Rd6 Rac8 20. Bxa6 Ra8 21. Be2 Rfe8 22. Bxd1 Re1+ 23. Kf2 Rxd1 24. Rxc6 b5 25. axb5 1-0


[Site "https://www.chess.com"]

[Event "Titled Tuesday Blitz August 15 Late 2023"]
[White "Lima, Kleyton Alcantara"]
[Black "Holt, Conrad"]
[WhiteFideId "22718397"]
[BlackFideId "2034387"]
[WhiteElo "2543"]
[BlackElo "2873"]
[Result "0-1"]
[Round "2"]
[TimeControl "180+1"]
[Date "2023.08.15"]
[WhiteClock "0:01:05"]
[BlackClock "0:02:00"]
[Board "34"]

1. e4 e6 2. d4 d5 3. Nc3 Nf6 4. e5 Nfd7 5. f4 c5 6. Nf3 Nc6 7. Be3 cxd4 8. Nxd4 Bc5 9. Qd2 O-O 10. O-O-O a6 11. Qf2 Bxd4 12. Bxd4 b5 13. Be3 Qa5 14. Kb1 b4 15. Ne2 Qc7 16. Ng3 a5 17. Nh5 Ba6 18. Qg3 g6 19. h4 a4 20. Nf6+ Nxf6 21. exf6 b3 22. cxb3 axb3 23. a3 Nd4 24. Rxd4 Qc2+ 25. Ka1 Bd3 26. Bxd3 Rxa3+ 27. bxa3 Qa2# 0-1


[Site "https://www.chess.com"]

[Event "Titled Tuesday Blitz August 15 Late 2023"]
[White "Cordova, Emilio"]
[Black "Kupervaser, Erez"]
[WhiteFideId "3801497"]
[BlackFideId "2814587"]
[WhiteElo "2871"]
[BlackElo "2537"]
[Result "1-0"]
[Round "2"]
[TimeControl "180+1"]
[Date "2023.08.15"]
[WhiteClock "0:00:39"]
[BlackClock "0:00:00"]
[Board "35"]

1. c4 c5 2. a3 g6 3. g3 Bg7 4. Bg2 Nc6 5. Nc3 Nh6 6. d3 Nf5 7. Nf3 O-O 8. O-O a6 9. Bd2 Rb8 10. b4 cxb4 11. axb4 Nxb4 12. Rb1 Nc6 13. e3 e5 14. Qa4 Nfe7 15. Ng5 d6 16. Qa3 f5 17. f4 h6 18. Nh3 Be6 19. Nd5 Kh7 20. Rfc1 Qe8 21. Qxd6 Qf7 22. Nc7 Bc8 23. Nxa6 Ra8 24. Nc7 Ra2 25. Bc3 Rd8 26. Qc5 Rxd3 27. Nf2 Rxc3 28. Rxc3 exf4 29. Ra3 fxe3 30. Rxa2 exf2+ 31. Kh1 Bd4 32. Qb5 Be6 33. Nd5 Nxd5 34. cxd5 Ne7 35. dxe6 Qxe6 36. Qe2 Qd6 37. Rxb7 h5 38. Qxe7+ 1-0


[Site "https://www.chess.com"]

[Event "Titled Tuesday Blitz August 15 Late 2023"]
[White "Osmak, Yuliia"]
[Black "Lysyj, Igor"]
[WhiteFideId "14101602"]
[BlackFideId "4150120"]
[WhiteElo "2535"]
[BlackElo "2867"]
[Result "0-1"]
[Round "2"]
[TimeControl "180+1"]
[Date "2023.08.15"]
[WhiteClock "0:00:00"]
[BlackClock "0:00:13"]
[Board "36"]

1. d4 d5 2. c4 e6 3. Nc3 c5 4. cxd5 exd5 5. Nf3 Nc6 6. dxc5 d4 7. Na4 Bxc5 8. Nxc5 Qa5+ 9. Bd2 Qxc5 10. b4 Nxb4 11. Rc1 Qe7 12. Qa4+ Nc6 13. Nxd4 Bd7 14. Nxc6 bxc6 15. g3 Nf6 16. Bg2 O-O 17. O-O Qxe2 18. Bg5 Qg4 19. Qxg4 Nxg4 20. Rfd1 Be6 21. Bxc6 Rab8 22. a3 h6 23. Bf4 Rb2 24. Rd2 Rxd2 25. Bxd2 Rd8 26. Bf4 g5 27. Bc7 Rd2 28. Ba5 Ra2 29. f3 Ne5 30. Bb4 a5 31. Bd6 Nxc6 32. Rxc6 Kh7 33. Ra6 Bh3 34. Rxa5 Rg2+ 35. Kh1 Rd2 36. Bc5 Rd1+ 0-1


[Site "https://www.chess.com"]

[Event "Titled Tuesday Blitz August 15 Late 2023"]
[White "Kovalev, Vladislav"]
[Black "Remolar Gallen, Jose"]
[WhiteFideId "13504398"]
[BlackFideId "2215187"]
[WhiteElo "2863"]
[BlackElo "2534"]
[Result "1-0"]
[Round "2"]
[TimeControl "180+1"]
[Date "2023.08.15"]
[WhiteClock "0:01:49"]
[BlackClock "0:00:36"]
[Board "37"]

1. e4 c5 2. Nf3 d6 3. Bb5+ Nd7 4. O-O a6 5. Bd3 Ngf6 6. c3 e6 7. Bc2 Be7 8. d4 O-O 9. Re1 b5 10. e5 Nd5 11. Nbd2 Qc7 12. Ne4 dxe5 13. dxe5 Bb7 14. Bg5 Nxe5 15. Nxe5 Qxe5 16. Bxe7 Nxe7 17. Qd7 f5 18. Qxb7 fxe4 19. Qxe7 Rf7 20. Qh4 Rf4 21. Rxe4 1-0


[Site "https://www.chess.com"]

[Event "Titled Tuesday Blitz August 15 Late 2023"]
[White "Kirk, Ezra"]
[Black "Lagarde, Maxime"]
[WhiteFideId "600067"]
[BlackFideId "662399"]
[WhiteElo "2534"]
[BlackElo "2858"]
[Result "0-1"]
[Round "2"]
[TimeControl "180+1"]
[Date "2023.08.15"]
[WhiteClock "0:00:00"]
[BlackClock "0:01:05"]
[Board "38"]

1. c4 Nc6 2. Nc3 e5 3. g3 Bb4 4. Bg2 Bxc3 5. bxc3 d6 6. e4 f5 7. Qh5+ g6 8. Qe2 fxe4 9. Bxe4 Nf6 10. Bg2 Bg4 11. Bf3 Bxf3 12. Nxf3 O-O 13. d3 e4 14. dxe4 Nxe4 15. O-O Qf6 16. Qxe4 Qxf3 17. Qxf3 Rxf3 18. Be3 b6 19. Rad1 Ne5 20. Rd4 Raf8 21. Kg2 Nc6 22. Re4 R3f5 23. Rd1 Re5 24. Rxe5 Nxe5 25. Rd4 Nc6 26. Re4 Kf7 27. h4 h5 28. g4 Ne5 29. g5 Nc6 30. Bd4 Ne7 31. Be3 Nf5 32. Kh3 Re8 33. Rf4 Re5 34. c5 dxc5 35. Ra4 a5 36. Rf4 Ke6 37. Kg2 Kd5 38. Kf3 c4 39. Bd4 Re6 40. Be3 c5 41. Ke2 b5 42. a3 b4 43. cxb4 cxb4 44. axb4 axb4 45. Kd2 Re4 0-1


[Site "https://www.chess.com"]

[Event "Titled Tuesday Blitz August 15 Late 2023"]
[White "Remizov, Yaroslav"]
[Black "Santos Flores, Alberto"]
[WhiteFideId "34134015"]
[BlackFideId "3601234"]
[WhiteElo "2844"]
[BlackElo "2533"]
[Result "1-0"]
[Round "2"]
[TimeControl "180+1"]
[Date "2023.08.15"]
[WhiteClock "0:00:13"]
[BlackClock "0:00:00"]
[Board "39"]

1. Nf3 d5 2. c4 c6 3. g3 Nf6 4. Bg2 Bf5 5. Qb3 Qb6 6. d3 e6 7. Be3 Qxb3 8. axb3 a6 9. Nh4 Bg6 10. O-O Nbd7 11. h3 Be7 12. Nc3 O-O 13. f4 Ne8 14. Nxg6 hxg6 15. Bf2 Nef6 16. e4 Nc5 17. exd5 exd5 18. cxd5 cxd5 19. Nxd5 Nxd5 20. Bxd5 Nxd3 21. Bb6 Bc5+ 22. Bxc5 Nxc5 23. Rfd1 Rad8 24. b4 Ne6 25. Bxb7 Rb8 26. Rd7 Nd8 27. Bxa6 Rxb4 28. Ra2 Ne6 29. Rb7 Rb8 30. Rxb8+ Rxb8 31. Bc4 Nc5 32. b3 Rb7 33. Ra3 Kh7 34. Kg2 f6 35. Kf3 g5 36. fxg5 fxg5 37. Ke3 Nd7 38. Kd4 Kh6 39. Ra6+ g6 40. Bd3 Rxb3 41. Rxg6+ Kh5 42. Rd6 Nf8 43. Be2+ g4 44. Rf6 Rxg3 45. Bxg4+ Rxg4+ 46. hxg4+ Kxg4 47. Rxf8 1-0


[Site "https://www.chess.com"]

[Event "Titled Tuesday Blitz August 15 Late 2023"]
[White "Kravtsiv, Martyn"]
[Black "D`Arruda, Ricardo D."]
[WhiteFideId "14113147"]
[BlackFideId "100692"]
[WhiteElo "2833"]
[BlackElo "2530"]
[Result "1/2-1/2"]
[Round "2"]
[TimeControl "180+1"]
[Date "2023.08.15"]
[WhiteClock "0:00:10"]
[BlackClock "0:00:28"]
[Board "40"]

1. e4 c5 2. Nf3 Nc6 3. d4 cxd4 4. Nxd4 e5 5. Nb5 a6 6. Nd6+ Bxd6 7. Qxd6 Qe7 8. Qd1 Nf6 9. Nc3 d6 10. Bg5 Be6 11. g3 h6 12. Bxf6 Qxf6 13. Bg2 O-O 14. O-O Rfd8 15. Qd2 Rac8 16. f4 exf4 17. gxf4 Qd4+ 18. Rf2 f6 19. Qxd4 Nxd4 20. Rd1 Nb5 21. Nxb5 axb5 22. a3 Kf8 23. c3 Ke7 24. Rfd2 Bb3 25. Re1 Be6 26. Kf2 Rc5 27. Rd4 Rc4 28. Red1 Rxd4 29. Rxd4 Bc4 30. Ke3 b6 31. Bf3 g5 32. Rd2 gxf4+ 33. Kxf4 Rg8 34. Bg4 Rg5 35. h4 Rg8 36. Rd4 Ra8 37. Bf3 Rg8 38. a4 Rc8 39. axb5 Bxb5 40. Rb4 Rc5 41. Bg4 Kd8 42. Rd4 Ke7 43. Bf3 Be8 44. Be2 Bc6 45. Ke3 Be8 46. Rb4 b5 47. Rd4 Re5 48. Bf3 Bc6 49. Kf4 Ke6 50. Bd1 Ke7 51. Bb3 Bb7 52. Bd5 Bc8 53. Rd1 Be6 54. b3 Rh5 55. Kg3 Re5 56. Bxe6 Kxe6 57. Rd4 Rc5 58. Rd3 Re5 59. Kf4 Rh5 60. Rh3 Rc5 61. Rg3 Rh5 62. Rg4 Rc5 63. Rg3 Rh5 64. Rh3 Rc5 65. Rd3 Rh5 66. Kg4 Re5 67. Rd4 Rc5 68. c4 bxc4 69. Rxc4 Rb5 70. b4 Re5 71. Rd4 Rb5 72. Kf4 Rh5 73. Kg3 Rb5 74. Kg4 Re5 75. Rc4 Rb5 76. Kf4 Re5 77. Ke3 Rh5 78. Rc3 Rb5 79. Rb3 Ke5 80. Rb1 d5 81. exd5 Kxd5 82. Kf4 Ke6 83. Re1+ Kd5 84. Rd1+ Ke6 85. Rd4 Rh5 86. Kg4 Rb5 87. Re4+ Kf7 88. Rc4 Ke6 89. Rc6+ Ke5 90. Rc5+ Rxc5 91. bxc5 Kd5 92. Kf5 Kxc5 93. Kxf6 Kd6 94. h5 Kd7 95. Kf7 Kd8 96. Kg7 Ke7 97. Kxh6 Kf6 98. Kh7 Kf7 99. h6 Kf8 100. Kh8 Kf7 101. h7 Kf8 1/2-1/2


[Site "https://www.chess.com"]